 Dungeon Crawl Stone Soup version 0.21-a0-314-gb3271ec (webtiles) character file.

56 vishdafish the Cudgeler (level 3, 0/36 HPs)
             Began as a Troll Fighter on Sept 29, 2017.
             Slain by Sigmund
             ... wielding a +0 scythe
              (5 damage)
             ... on level 2 of the Dungeon.
             The game lasted 00:03:08 (728 turns).

vishdafish the Cudgeler (Troll Fighter)              Turns: 728, Time: 00:03:09

Health: 0/36       AC:  5    Str: 29    XL:     3   Next: 69%
Magic:  2/2        EV:  8    Int:  5    God:
Gold:   56         SH:  9    Dex:  9    Spells: 2/2 levels left

rFire    . . .     SeeInvis .   a - +0 flail
rCold    . . .     Gourm    +   c - +0 shield
rNeg     . . .     Faith    .   b - +0 robe
rPois    .         Spirit   .   (helmet restricted)
rElec    .         Reflect  .   (no cloak)
rCorr    .         Harm     .   (gloves unavailable)
MR       .....                  (boots unavailable)
Stlth    +.........             (no amulet)
HPRegen  0.52/turn              (no ring)
MPRegen  0.08/turn              (no ring)

@: mighty
A: unfitting armour, claws 3, fast metabolism 3, gourmand, regeneration 1,
shaggy fur 1, tough skin 2
a: no special abilities


You were on level 2 of the Dungeon.
You were very full.

You visited 1 branch of the dungeon, and saw 2 of its levels.

You collected 56 gold pieces.

Inventory:

Hand Weapons
 a - a +0 flail (weapon)
Armour
 b - a +0 robe (worn)
 c - a +0 shield (worn)
Scrolls
 g - 2 scrolls of remove curse {unknown}
 h - 2 scrolls of identify {unknown}
 j - a scroll of enchant armour {unknown}
 l - a scroll of magic mapping {unknown}
 m - a scroll of teleportation {unknown}
Potions
 e - a potion of curing {unknown}
 i - 2 potions of invisibility {unknown}
 k - a potion of ambrosia {unknown}
Comestibles
 f - 2 bread rations


   Skills:
 + Level 2.8 Fighting
 * Level 2.9 Maces & Flails
 - Level 2.4 Dodging
 + Level 2.8 Shields


You had 2 spell levels left.
You didn't know any spells.

Dungeon Overview and Level Annotations

Branches:
Dungeon (2/15)

Altars:

Annotations:
D:2 Sigmund


Innate Abilities, Weirdness & Mutations

You are too large for most types of armour.
You have claws for hands.
Your metabolism is lightning-fast.
You like to eat raw meat.
Your natural rate of healing is unusually fast.
You are covered in fur. (AC +1)
You have very tough skin. (AC +2)


Message History

The magic dart hits you! You block Sigmund's attack.
You bludgeon Sigmund!!
Sigmund is severely wounded.
You hit Sigmund.
Sigmund is almost dead.
You block Sigmund's attack.
You closely miss Sigmund.
Sigmund is almost dead.
You block Sigmund's attack.
You barely miss Sigmund.
Sigmund is almost dead.
Sigmund gestures wildly while chanting.
Sigmund flickers and vanishes!
Deactivating autopickup; reactivate with Ctrl-A.
You barely miss something. Something hits you!
* * * LOW HITPOINT WARNING * * *
You miss something. Something hits you.
* * * LOW HITPOINT WARNING * * *
You closely miss something. Something hits you.
You die...

#............#....?.
##.(.#...............
.........####.####..
.#####.#.# #.# ...
#.#.# #.# ... #.#.#
#.# .. ..#)# #.####..
..#.# #.#<.#.# ...#.#
#.##@#.#
######.####...{#.#
..................#
#######.###########
#.# #.# #.# #.# #..


There were no monsters in sight!

Vanquished Creatures
  An adder (D:2)
  A gnoll (D:1)
  A dart slug (D:1)
  4 bats (D:1)
  3 giant cockroaches (D:1)
  3 goblins
  5 hobgoblins (D:1)
  3 jackals (D:1)
  A frilled lizard (D:1)
  8 kobolds (D:1)
  3 rats (D:1)
33 creatures vanquished.

Notes
Turn   | Place    | Note
-------+----------+-------------------------------------------
     0 | D:1      | vishdafish the Troll Fighter began the quest for the Orb.
     0 | D:1      | Reached XP level 1. HP: 22/22 MP: 0/0
    69 | D:1      | Reached XP level 2. HP: 29/29 MP: 1/1
   234 | D:1      | Reached XP level 3. HP: 36/36 MP: 2/2
   693 | D:2      | Noticed Sigmund
   728 | D:2      | Slain by Sigmund

Vault maps used:
D:1:      sevenhm_arrival_forest_fort_small_3
D:2:      chequers_ecumenical_altar_simple_redux, first_bread, uniq_sigmund

Skill      XL: |  1 |
---------------+----+-----
Maces & Flails | 2 |  2.9
Fighting       | |  2.8
Dodging        | |  2.4
Shields        | |  2.8

Action                   || total
-------------------------++-------
Melee: Flail             ||   108
  Use: Potion            ||     1
  Eat: Chunk             ||    11
Armor: Robe              ||    62
Dodge: Dodged            ||    37
Block: Shield            ||    82

Table legend:
 A = Spawn XP
 B = Non-spawn XP
 C = Spawn XP percentage of total XP
 D = Spawn monster count
 E = Non-spawn monster count
 F = Spawn count percentage of total count
 G = Total turns spent on level
                    A         B        C        D         E        F      G
               +---------+---------+-------+---------+---------+-------+---------
         Total |       0 |      80 |   0.0 |       0 |      33 |   0.0 |   728
               +---------+---------+-------+---------+---------+-------+---------
           D:1 |       0 |      64 |   0.0 |       0 |      31 |   0.0 |   644
           D:2 |       0 |      16 |   0.0 |       0 |       2 |   0.0 |    84
               +---------+---------+-------+---------+---------+-------+---------
